Map: Abyssal Reef LE

Players

Majestic - Winner!

  • Race: Protoss Protoss
  • Spawn Location: 5:00

SouLeer (souL)

  • Race: Zerg Zerg
  • Spawn Location: 11:00

Event: WCS Valencia 2017

VOD

Have the link to the VOD?

Description

Time

  • Played on: July 13, 2017, 10:30 a.m.
  • Length: 12:13

All games in this series

Show
View Real Time Build Order
Export as new Build Order

Majestic Protoss - Winner!

Build Orders: 1 Gate Expand, Oracle Opening 

Get SALT Encoding   

  12  0:00  Probe (Chrono Boost)  
  13  0:11  Probe (Chrono Boost)  
  14  0:18  Pylon  
  14  0:22  Probe (Chrono Boost)  
  15  0:36  Probe (Chrono Boost)  
  15  0:40  Gateway  
  16  0:47  Probe (Chrono Boost)  
  17  0:53  Assimilator  
  17  0:58  Probe (Chrono Boost)  
  18  1:08  Probe (Chrono Boost)  
  19  1:19  Probe (Chrono Boost)  
  20  1:26  Nexus  
  20  1:36  Cybernetics Core  
  20  1:39  Probe (Chrono Boost)  
  21  1:44  Assimilator  
  21  1:49  Probe (Chrono Boost)  
  22  1:55  Pylon  
  22  2:00  Probe (Chrono Boost)  
  23  2:10  Pylon  
  23  2:13  Probe (Chrono Boost), Adept (Chrono Boost)  
  26  2:18  Warp Gate  
  26  2:25  Probe  
  27  2:37  Probe x2, Stargate  
  29  2:48  Adept (Chrono Boost)  
  33  2:53  Mothership Core  
  33  2:58  Gateway  
  33  3:04  Pylon  
  33  3:08  Probe (Chrono Boost)  
  34  3:13  Probe (Chrono Boost)  
  35  3:20  Probe (Chrono Boost)  
  35  3:22  Oracle (Chrono Boost)  
  35  3:24  Probe (Chrono Boost)  
  40  3:31  Probe  
  40  3:33  Probe  
  41  3:40  Gateway  
  42  3:43  Probe  
  42  3:44  Probe  
  44  3:48  Adept  
  44  3:55  Probe x2  
  46  3:57  Oracle (Chrono Boost)  
  51  4:05  Pylon, Probe  
  51  4:07  Probe  
  53  4:16  Probe  
  53  4:23  Probe  
  55  4:25  Nexus  
  55  4:30  Probe  
  55  4:34  Phoenix (Chrono Boost)  
  57  4:41  Pylon, Adept x2  
  57  4:44  Assimilator  
  61  4:46  Assimilator  
  61  4:47  Probe  
  62  4:57  Probe  
  62  4:59  Probe, Pylon  
  64  5:02  Pylon, Adept  
  66  5:07  Sentry x2  
  70  5:15  Probe  
  70  5:17  Probe  
  72  5:26  Probe  
  73  5:29  Probe, Robotics Facility  
  74  5:37  Probe  
  74  5:40  Probe  
  74  5:41  Probe  
  74  5:42  Twilight Council  
  75  5:43  Forge  
  75  5:47  Probe  
  72  5:51  Probe  
  72  5:53  Probe, Adept x3  
  76  5:58  Probe  
  76  6:01  Probe  
  78  6:04  Gateway  
  78  6:05  Probe  
  78  6:06  Gateway  
  78  6:09  Pylon  
  79  6:14  Pylon  
  79  6:16  Warp Prism  
  81  6:18  Zealot x2  
  81  6:19  Zealot  
  81  6:20  Assimilator  
  81  6:21  Protoss Ground Weapons Level 1 (Chrono Boost)  
  81  6:24  Assimilator  
  87  6:30  Charge (Chrono Boost)  
  83  6:32  Probe  
  83  6:34  Probe  
  83  6:36  Templar Archives  
  85  6:40  Zealot x3, Probe  
  85  6:43  Probe  
  93  6:49  Probe  
  93  6:52  Probe  
  93  6:53  Probe  
  95  6:54  Pylon  
  95  6:56  Pylon  
  95  7:00  Immortal  
  100  7:01  Probe  
  100  7:04  Zealot x2, Probe  
  100  7:05  Psionic Storm  
  106  7:10  Pylon  
  106  7:17  High Templar x2  
  106  7:18  High Templar  
  112  7:28  Probe, High Templar  
  112  7:29  High Templar  
  116  7:30  Probe  
  116  7:31  Probe  
  116  7:35  Gateway x2  
  119  7:39  Probe  
  119  7:42  Probe  
  119  7:43  Probe, Nexus  
  122  7:50  Pylon  
  122  7:52  Zealot, Pylon  
  122  7:53  Zealot x2  
  122  7:58  Immortal  
  132  8:07  Pylon  
  132  8:15  Gateway  
  132  8:17  Pylon  
  132  8:19  High Templar x2  
  136  8:20  High Templar x2  
  136  8:24  Gateway x2  
  136  8:26  Archon  
  136  8:27  Protoss Ground Weapons Level 2, Archon  
  140  8:33  Sentry  
  142  8:37  Zealot x2  
  138  8:42  Immortal  
  138  8:45  Robotics Facility  
  139  8:53  Zealot  
  139  8:54  Zealot x3  
  137  9:11  Zealot, High Templar x2  
  137  9:12  Probe  
  137  9:13  Probe x2  
  137  9:14  Probe  
  145  9:21  Immortal  
  145  9:22  High Templar  
  142  9:32  Zealot x3  
  142  9:33  Zealot x2  
  152  9:45  Archon  
  134  9:46  Archon  
  134  9:48  Zealot x4  
  126  9:54  Immortal  
  126  9:59  Zealot  
  126  10:00  Zealot x3, Probe  
  126  10:02  Probe  
  126  10:03  Immortal, Assimilator  
  126  10:05  High Templar x2  
  142  10:08  Probe  
  142  10:09  Assimilator  
  129  10:17  Zealot x3  
  129  10:19  Zealot x4  
  131  10:34  Immortal (Chrono Boost)  
  135  10:41  Pylon  
  135  10:42  High Templar x2  
  131  10:43  Zealot x6, Immortal (Chrono Boost)  
  131  10:44  Pylon  
  131  10:45  Pylon  
  131  10:46  Archon  
  147  10:50  Photon Cannon  
  147  10:55  Photon Cannon  
  147  10:57  Photon Cannon  
  147  11:01  High Templar x2  
  151  11:06  Zealot x2, Archon  
  151  11:07  Zealot  
  157  11:12  Immortal (Chrono Boost)  
  161  11:20  Immortal (Chrono Boost)  
  161  11:21  Zealot, High Templar x2  
  161  11:22  Zealot x2  
  173  11:28  Zealot  
  173  11:29  Zealot  
  177  11:38  High Templar x3  
  183  11:44  Zealot x2  
  187  11:49  Nexus  
  187  11:51  Pylon  
  179  12:07  Zealot x2  
  179  12:08  Zealot x4  
  175  12:11  Archon x2  
Show
View Real Time Build Order
Export as new Build Order

SouLeer Zerg 

Build Orders: Hatch First 

Get SALT Encoding   

  12  0:01  Drone  
  13  0:12  Overlord  
  13  0:17  Drone  
  14  0:30  Drone x2  
  14  0:34  Drone  
  17  0:55  Drone  
  18  0:58  Hatchery  
  18  1:02  Drone  
  18  1:09  Extractor  
  17  1:16  Spawning Pool  
  17  1:18  Drone  
  17  1:23  Drone  
  18  1:28  Drone  
  19  1:38  Drone  
  20  1:49  Overlord  
  20  2:00  Drone  
  21  2:07  Queen  
  23  2:10  Queen  
  23  2:13  Zergling x4  
  27  2:17  Metabolic Boost  
  27  2:22  Zergling x4  
  29  2:32  Drone  
  29  2:36  Zergling x2  
  31  2:43  Drone x2  
  33  2:53  Hatchery  
  33  2:57  Drone  
  33  2:59  Drone  
  33  3:04  Drone  
  34  3:08  Pneumatized Carapace  
  34  3:09  Drone  
  35  3:15  Overlord  
  35  3:20  Drone, Overlord  
  36  3:30  Spore Crawler, Drone  
  36  3:32  Spore Crawler  
  36  3:33  Drone x2  
  37  3:35  Drone  
  37  3:39  Drone x2  
  40  3:42  Drone  
  40  3:45  Drone  
  42  3:50  Drone x3  
  45  3:59  Queen  
  45  4:01  Drone x2  
  49  4:06  Spore Crawler  
  49  4:08  Overlord  
  48  4:11  Drone x3  
  48  4:13  Drone  
  48  4:14  Drone  
  53  4:17  Drone  
  53  4:19  Extractor  
  53  4:21  Spore Crawler, Extractor  
  47  4:26  Spore Crawler  
  47  4:27  Spore Crawler  
  47  4:28  Spore Crawler, Drone  
  47  4:29  Drone  
  47  4:33  Drone x2  
  47  4:36  Overlord  
  47  4:37  Lair  
  47  4:38  Zergling x4  
  54  4:42  Extractor  
  53  4:51  Drone  
  55  4:54  Hatchery  
  55  4:55  Drone x2  
  55  4:57  Drone  
  55  4:59  Drone  
  58  5:05  Drone x3  
  61  5:08  Overlord  
  61  5:10  Drone x3  
  61  5:13  Drone  
  63  5:15  Zergling x2  
  63  5:19  Zergling x6  
  65  5:22  Zergling x4  
  65  5:25  Zergling x2  
  68  5:29  Zergling x2  
  68  5:30  Zergling x6  
  68  5:34  Drone x2  
  71  5:40  Zergling x2  
  71  5:41  Drone  
  65  5:50  Drone x3  
  65  5:51  Drone  
  65  5:56  Hydralisk Den  
  66  6:00  Drone x3  
  69  6:04  Drone x2  
  69  6:05  Drone x2  
  69  6:07  Spore Crawler  
  72  6:12  Zergling x4  
  72  6:14  Overlord  
  72  6:15  Drone  
  75  6:19  Overlord  
  75  6:20  Extractor  
  75  6:23  Zergling x8  
  75  6:25  Zergling x2  
  76  6:26  Zergling x2  
  76  6:29  Overlord  
  72  6:35  Baneling Nest  
  72  6:38  Drone x5  
  72  6:39  Evolution Chamber  
  75  6:40  Drone  
  75  6:45  Drone x3  
  78  6:47  Queen  
  78  6:49  Drone  
  78  6:52  Drone x2  
  78  6:53  Drone x2  
  85  7:01  Overlord  
  85  7:02  Extractor  
  85  7:06  Hydralisk x2  
  85  7:07  Hydralisk, Muscular Augments  
  90  7:09  Hydralisk  
  90  7:13  Zergling x6  
  95  7:17  Zergling x6  
  95  7:18  Zergling x4  
  95  7:22  Hydralisk x2  
  104  7:24  Hydralisk  
  104  7:27  Overlord  
  104  7:29  Zergling x6  
  109  7:31  Centrifical Hooks  
  109  7:33  Overseer  
  109  7:37  Zergling x4  
  109  7:40  Overseer, Overlord x2  
  109  7:43  Overlord  
  111  7:45  Baneling x6  
  111  7:48  Overlord  
  111  7:50  Hydralisk  
  113  7:53  Zergling x8  
  117  7:59  Hydralisk x2  
  117  8:04  Zerg Melee Weapons Level 1  
  117  8:05  Zergling x8  
  125  8:06  Baneling x2  
  125  8:07  Baneling x3  
  125  8:08  Baneling x2  
  125  8:10  Zergling x2  
  125  8:12  Baneling x6  
  126  8:14  Hydralisk  
  126  8:19  Hydralisk x2  
  132  8:23  Baneling x3  
  132  8:25  Hydralisk  
  134  8:28  Zergling x12  
  134  8:33  Zergling x6  
  134  8:34  Zergling x2  
  144  8:35  Zergling x6  
  144  8:38  Overlord  
  145  8:41  Zergling x8  
  145  8:45  Overlord  
  145  8:48  Hydralisk  
  148  8:53  Zergling x2  
  151  9:01  Hydralisk x5  
  159  9:03  Hydralisk x3  
  159  9:07  Drone x3  
  159  9:08  Drone  
  160  9:12  Hydralisk x2  
  160  9:13  Hydralisk  
  160  9:16  Zergling x4  
  160  9:17  Zergling x2, Baneling  
  167  9:18  Baneling x2  
  167  9:19  Baneling  
  167  9:26  Baneling x3  
  167  9:27  Baneling x2, Overlord  
  167  9:31  Overlord  
  161  9:42  Hydralisk x2  
  161  9:43  Hydralisk x2  
  116  9:47  Zergling x14  
  116  9:50  Hydralisk x2  
  98  9:54  Zergling x4  
  98  9:55  Zergling x4  
  98  9:57  Zergling x2  
  98  9:58  Zergling x2  
  103  10:04  Zergling x4  
  103  10:05  Zergling x6  
  105  10:07  Zergling x2  
  105  10:13  Zergling x6  
  100  10:19  Zergling x2  
  88  10:29  Zergling x4  
  88  10:35  Zergling x4  
  86  10:38  Hydralisk  
  86  10:41  Zergling x2, Baneling x3  
  84  10:50  Hydralisk, Zergling x2  
  84  10:55  Zergling x4  
  88  10:58  Zergling x4  
  88  11:00  Baneling x2  
  88  11:04  Baneling x5  
  90  11:07  Hydralisk  
  92  11:17  Hydralisk x3  
  98  11:19  Zergling x2  
  98  11:23  Zergling x4  
  98  11:26  Zergling x4  
  98  11:27  Zergling x2  
  98  11:30  Zergling x4  
  103  11:33  Zergling x4  
  103  11:36  Baneling x4  
  101  11:40  Zergling x4  
  101  11:42  Baneling x3  
  101  11:43  Baneling  
  101  11:46  Zergling x4  
  102  11:49  Baneling x2  
  102  11:50  Baneling x2  
Tags
 
Add a new tag
Caveats
  • Supply blocks, unpowered buildings, or Contaminate may cause inaccurate times.
  • Supply counts are checked every 10 seconds.